 Dungeon Crawl Stone Soup version 0.23.0 (webtiles) character file.

Game seed: 285725392876354166

96 KoJIDuN the Slasher (level 4, 0/38 HPs)
             Began as a Minotaur Gladiator on Feb 16, 2019.
             Killed from afar by an orc wizard (9 damage)
             ... with a puff of flame
             ... on level 3 of the Dungeon.
             The game lasted 00:10:05 (1706 turns).

KoJIDuN the Slasher (Minotaur Gladiator)            Turns: 1706, Time: 00:10:05

Health: 0/38       AC:  4    Str: 20    XL:     4   Next: 41%
Magic:  3/3        EV: 13    Int: 10    God:
Gold:   87         SH:  0    Dex: 11    Spells: 3/3 levels left

rFire    . . .     SeeInvis .   a - +0 long sword
rCold    . . .     Gourm    .   (no shield)
rNeg     . . .     Faith    .   b - +0 leather armour
rPois    +         Spirit   .   c - +0 hat
rElec    .         Reflect  .   (no cloak)
rCorr    .         Harm     .   n - +0 pair of gloves
MR       +....                  (no boots)
Stlth    +.........             (no amulet)
HPRegen  0.12/turn              p - ring of protection from magic
MPRegen  0.08/turn              q - ring of poison resistance

@: brilliant, flying
A: retaliatory headbutt, horns 2
a: no special abilities


You were on level 3 of the Dungeon.
You were not hungry.

You visited 1 branch of the dungeon, and saw 3 of its levels.

You collected 87 gold pieces.

Inventory:

Hand Weapons
 a - a +0 long sword (weapon)
Missiles
 d - 3 throwing nets (quivered)
Armour
 b - a +0 leather armour (worn)
 c - a +0 hat (worn)
 n - a +0 pair of gloves (worn)
Jewellery
 p - a ring of protection from magic (left hand)
 q - a ring of poison resistance (right hand)
Scrolls
 g - 3 scrolls of remove curse {unknown}
 i - 2 scrolls of identify {unknown}
 j - a scroll of enchant weapon {unknown}
 k - a scroll of enchant armour {unknown}
Potions
 e - a potion of curing
 l - a potion of brilliance
 m - a potion of lignification {unknown}
 o - a potion of ambrosia {unknown}
Comestibles
 f - 5 rations


   Skills:
 + Level 3.3 Fighting
 + Level 5.1 Long Blades
 - Level 2.1 Throwing
 + Level 1.2 Armour
 + Level 3.7 Dodging
 * Level 0.4 Stealth


You had 3 spell levels left.
You didn't know any spells.
Your spell library was empty.

Dungeon Overview and Level Annotations

Branches:
Dungeon (3/15)

Altars:


Innate Abilities, Weirdness & Mutations

You reflexively headbutt those who attack you in melee.
You have a pair of horns on your head.


Message History

The orc priest barely misses you. The orc wizard barely misses you.
You hit the orc priest but do no damage.
The orc priest is moderately wounded.
The orc priest hits you with a +0 whip.
The orc wizard points at you and mumbles some strange words.
The puff of flame hits you!
The orc priest looks satisfied for a moment.
You are too injured to fight recklessly!
It was a potion of flight.
You feel very buoyant.
You fly up into the air.
The orc wizard hits you with a +0 dagger.
* * * LOW HITPOINT WARNING * * *
The orc priest hits you but does no damage.
You are too injured to fight recklessly!
It was a potion of brilliance.
You feel clever all of a sudden. The orc wizard casts a spell at you.
The puff of flame hits you!
You die...

# #####.#...###..........
#.#. #.......#####..######
#.#. #.#.#......†........#
.... #.#.#.#..####...###..
#.####)#.#...........#
#.#.....†#.#..#..###.#.###.
#.#......#.#.o.)............
#.#........#...#oo##.#.#####
#.#...##.#....o#@....#.#
#.#......#.#.#.#..##.# #
..#...##.....#.#..##.#
..#..........#.#.....#
.........#.#.#o#.....#
#...)........#.#.....#
#.....#..#.#.#.#.....#
#........#.#.#.##.#...
#....##.##.#.#.#


You could see an orc priest and an orc wizard.

Vanquished Creatures
  5 adders
  An ooze (D:1)
  A worm (D:2)
  A dart slug (D:1)
  2 orcs (D:3)
  5 bats
  A giant cockroach (D:2)
  3 goblins (D:1)
  7 hobgoblins
  6 jackals (D:1)
  5 kobolds
  2 ball pythons
  A frilled lizard (D:1)
  2 rats
42 creatures vanquished.

Notes
Turn   | Place    | Note
-------+----------+-------------------------------------------
     0 | D:1      | KoJIDuN the Minotaur Gladiator began the quest for the Orb.
     0 | D:1      | Reached XP level 1. HP: 18/18 MP: 0/0
   111 | D:1      | Reached XP level 2. HP: 20/25 MP: 1/1
   141 | D:1      | Reached skill level 4 in Long Blades
   542 | D:1      | Reached XP level 3. HP: 30/30 MP: 2/2
  1011 | D:2      | Reached skill level 1 in Armour
  1101 | D:2      | Reached XP level 4. HP: 38/38 MP: 3/3
  1563 | D:3      | Reached skill level 5 in Long Blades
  1706 | D:3      | Killed from afar by an orc wizard

Skill      XL: |  1  2  3  4 |
---------------+-------------+-----
Long Blades    | 4 5 |  5.1
Fighting       | 3 |  3.3
Armour         | 1 |  1.2
Throwing       | |  2.1
Dodging        | |  3.7
Stealth        | |  0.4

Action                   |  1- 3 |  4- 6 || total
-------------------------+-------+-------++-------
Melee: Long sword        |    45 |    14 ||    59
       Headbutt          |     8 |     7 ||    15
       Unarmed           |    17 |    26 ||    43
  Use: Potion            |       |     3 ||     3
  Eat: Ration            |     1 |       ||     1
Armor: Leather armour    |    15 |     6 ||    21
Dodge: Dodged            |    47 |    25 ||    72
       Rpst.: Long sword |     7 |     2 ||     9
